AoeStats
← DSLG | Mr.Olivaz

Oasis

508136697Analyzed
2v2 RM · 12d ago on Sep 21, 2026· 143m 43s· 4 players
Game mode
Random Map
Map size
Medium (4 player)
Population
200
Speed
Normal
Resources
Standard
Victory
Conquest
Starting age
Dark Age
Ending age
Imperial Age
RankedLock teamsTeams togetherTeam positionsShared explorationLock speedFull tech treeHidden civsTurbo modeCheats
Victory
Defeat
🇺🇸 Vikings · United States
959
+16
🇲🇽 Persians · Mexico
958
+15
🇨🇱 Celts · Chile
957
-16
🇧🇷 Magyars · Brazil
944
-15
GaTTo
0:26 Loom
10:33 Feudal Age
12:40 Double-Bit Axe
17:59 Wheelbarrow
23:11 Castle Age
23:04 Horse Collar
23:16 Stone Mining
23:19 Gold Mining
24:30 Man-at-Arms
25:13 Pikeman
25:52 Fletching
26:56 Bodkin Arrow
29:13 Padded Archer Armor
29:19 Scale Barding Armor
29:47 Hand Cart
29:18 Town Watch
31:54 Town Patrol
36:43 Imperial Age
34:48 Leather Archer Armor
35:51 Husbandry
37:01 Corvinian Army
37:51 Halberdier
39:13 Bracer
40:38 Parthian Tactics
39:34 Heavy Cavalry Archer
40:56 Gold Shaft Mining
40:23 Heavy Plow
40:37 Bow Saw
41:02 Ring Archer Armor
40:34 Scale Mail Armor
41:55 Thumb Ring
43:37 Bloodlines
43:50 Chain Mail Armor
44:05 Arson
44:48 Chain Barding Armor
45:31 Conscription
44:32 Elite Magyar Huszar
47:09 Chemistry
46:30 Ballistics
46:32 Corvinian Army
46:37 Recurve Bow
48:51 Plate Barding Armor
52:40 Two-Man Saw
52:14 Crop Rotation
57:40 Light Cavalry
59:08 Hussar
77:14 Heavy Scorpion
77:23 Heavy Scorpion
84:30 Onager
125:39 Long Swordsman
KaneGB
2:24 Loom
10:20 Feudal Age
19:51 Castle Age
18:08 Horse Collar
18:59 Gold Mining
19:04 Double-Bit Axe
20:13 Stone Mining
20:26 Scale Mail Armor
28:25 Light Cavalry
34:07 Imperial Age
33:20 Wheelbarrow
32:30 Town Watch
34:27 Forging
34:33 Chain Mail Armor
34:51 Onager
38:12 Town Patrol
39:08 Bow Saw
39:49 Hussar
41:06 Iron Casting
41:02 Plate Mail Armor
40:37 Scale Barding Armor
40:47 Fortified Wall
42:55 Blast Furnace
42:21 Ballistics
43:11 Husbandry
43:01 Heavy Scorpion
44:10 Siege Onager
46:28 Furor Celtica
48:50 Hand Cart
53:13 Pikeman
54:10 Halberdier
55:17 Chain Barding Armor
83:11 Guilds
97:29 Padded Archer Armor
97:20 Fletching
DSLG | Mr.Olivaz
11:27 Feudal Age
17:20 Castle Age
16:02 Horse Collar
16:09 Double-Bit Axe
18:17 Bow Saw
18:59 Stone Mining
23:13 Scale Mail Armor
26:04 Heavy Plow
27:39 Gold Mining
28:07 Fortified Wall
31:08 Gold Shaft Mining
31:37 Forging
34:07 Imperial Age
31:25 Town Watch
31:28 Loom
34:48 Chieftains
35:40 Crop Rotation
36:11 Two-Man Saw
36:37 Conscription
35:41 Capped Ram
37:08 Iron Casting
36:48 Chain Mail Armor
36:44 Elite Berserk
40:24 Blast Furnace
39:26 Siege Ram
40:18 Treadmill Crane
41:22 Plate Mail Armor
43:28 Siege Engineers
43:40 Scale Barding Armor
44:18 Light Cavalry
47:20 Pikeman
48:01 Squires
48:40 Gambesons
52:42 Chain Barding Armor
52:04 Cavalier
57:29 Caravan
66:28 Chemistry
70:09 Town Patrol
71:31 Onager
79:20 Heavy Scorpion
79:40 Heavy Scorpion
104:21 Man-at-Arms
106:24 Long Swordsman
107:27 Two-Handed Swordsman
108:25 Champion
110:37 Fletching
Darkfield
11:23 Feudal Age
15:12 Castle Age
13:13 Horse Collar
13:30 Double-Bit Axe
16:25 Wheelbarrow
15:35 Loom
16:51 Bow Saw
20:07 Heavy Plow
24:01 Gold Mining
24:52 Hand Cart
27:06 Gold Shaft Mining
27:46 Kamandaran
29:55 Ballistics
30:15 Fervor
29:40 Crossbowman
30:56 Thumb Ring
31:03 Town Watch
31:26 Fletching
31:44 Scale Barding Armor
35:04 Imperial Age
32:39 Bodkin Arrow
34:24 Chain Barding Armor
34:05 Padded Archer Armor
34:45 Elite War Elephant
35:47 Conscription
37:39 Leather Archer Armor
37:59 Plate Barding Armor
37:35 Forging
38:27 Chemistry
37:38 Masonry
39:07 Crop Rotation
39:45 Two-Man Saw
40:40 Architecture
40:47 Hoardings
40:25 Citadels
41:00 Iron Casting
40:39 Caravan
49:30 Ring Archer Armor
50:00 Blast Furnace
53:04 Husbandry
53:15 Bloodlines
53:12 Devotion
53:09 Murder Holes
82:39 Light Cavalry
84:40 Town Patrol
84:13 Pikeman
84:39 Gambesons
84:54 Squires
84:40 Arson
84:23 Elite Skirmisher
87:45 Halberdier
87:49 Hussar
107:55 Scale Mail Armor
109:03 Chain Mail Armor
109:12 Faith
113:09 Elite Cannon Galleon
120:19 Spies/Treason
Connection lost

Rejoining the realm…

Still unreachable

The connection could not be restored.

Session expired

The server has moved on; the page needs a fresh start.